[ AOE2 MATCH · #495984774 ]
UnrankedHuns vs Maya
Player's team · WIN
Rival team · LOSS
[ REPLAY ANALYSIS · EXTRACTED FROM THE RECORDED GAME ]
Feudal
9:16
Castle
20:45
Imperial
37:22
| APM avg | 62.4 |
| APM peak | 95 |
| eAPM avg | 23.5 |
| Villagers / military | 113 / 99 |
Focus
⚔️ 40.7% · 🌾 59.3%
Knight ×37 · Cavalry Archer ×27 · Skirmisher ×15 · Archer ×7 · Mangonel ×5 · Scout Cavalry ×4
Feudal
9:04
Castle
22:26
Imperial
41:11
| APM avg | 55.9 |
| APM peak | 102 |
| eAPM avg | 29.5 |
| Villagers / military | 167 / 185 |
Focus
⚔️ 41.5% · 🌾 58.5%
Archer ×113 · Spearman ×26 · Skirmisher ×21 · Eagle Scout ×19 · Monk ×4 · Militia ×2
Match map
Initial resources + every placement click. Lines = walls · curves = elevation contours. ◆ gold · ⬟ stone · ● berries · ✦ relic · ◌ wall gap
Your base· ✓ Closed at 20:45 · 59t walls · no gate
KARL MARX's base· Open — opponent sealed themselves in
Smoothed initial terrain · ◌ = detected wall gap · hover for details
Inputs per minute
— [CLB]PEGASO - - KARL MARX
Build order — [CLB]PEGASO
First 150 of 403 actions detected
| 0:01 | Queue | Villager (Male) |
| 0:01 | Queue | Villager (Male) |
| 0:21 | Queue | Villager (Male) |
| 0:38 | Queue | Villager (Male) |
| 0:38 | Queue | Villager (Male) |
| 1:37 | Queue | Villager (Male) |
| 1:44 | Build | Lumber Camp |
| 1:54 | Queue | Villager (Male) |
| 2:12 | Queue | Villager (Male) |
| 2:12 | Queue | Villager (Male) |
| 2:38 | Queue | Villager (Male) |
| 2:39 | Queue | Villager (Male) |
| 3:00 | Queue | Villager (Male) |
| 3:41 | Queue | Villager (Male) |
| 3:49 | Queue | Villager (Male) |
| 3:49 | Queue | Villager (Male) |
| 4:10 | Queue | Villager (Male) |
| 4:10 | Queue | Villager (Male) |
| 4:19 | Queue | Villager (Male) |
| 4:19 | Queue | Villager (Male) |
| 4:36 | Build | Mill |
| 4:47 | Queue | Villager (Male) |
| 5:23 | Queue | Villager (Male) |
| 5:47 | Queue | Villager (Male) |
| 6:36 | Research | Loom |
| 6:50 | Research | Feudal Age |
| 7:24 | Build | Lumber Camp |
| 8:08 | Build | Barracks |
| 9:16 | Age | Feudal Age |
| 9:17 | Build | Palisade Wall |
| 9:19 | Queue | Villager (Male) |
| 9:23 | Build | Stable |
| 9:27 | Research | Double-Bit Axe |
| 9:30 | Queue | Villager (Male) |
| 10:01 | Queue | Villager (Male) |
| 10:10 | Queue | Scout Cavalry |
| 10:10 | Queue | Scout Cavalry |
| 10:13 | Build | Mill |
| 10:15 | Queue | Villager (Male) |
| 10:23 | Build | Archery Range |
| 10:38 | Queue | Scout Cavalry |
| 10:44 | Build | Palisade Wall |
| 11:02 | Build | Mining Camp |
| 11:07 | Queue | Villager (Male) |
| 11:08 | Build | Farm |
| 11:10 | Build | Farm |
| 11:19 | Queue | Villager (Male) |
| 11:20 | Queue | Archer |
| 11:26 | Build | Palisade Wall |
| 11:34 | Build | Farm |
| 11:49 | Queue | Villager (Male) |
| 12:12 | Queue | Villager (Male) |
| 12:13 | Queue | Archer |
| 12:13 | Queue | Archer |
| 12:16 | Build | Farm |
| 12:45 | Queue | Villager (Male) |
| 12:45 | Queue | Archer |
| 12:51 | Build | Farm |
| 13:00 | Queue | Archer |
| 13:03 | Queue | Villager (Male) |
| 13:06 | Build | Blacksmith |
| 13:23 | Queue | Villager (Male) |
| 13:25 | Build | Farm |
| 13:38 | Queue | Scout Cavalry |
| 13:41 | Build | Farm |
| 13:44 | Queue | Villager (Male) |
| 13:50 | Build | Palisade Wall |
| 13:56 | Build | Palisade Wall |
| 14:09 | Research | Fletching |
| 14:10 | Build | Farm |
| 14:17 | Queue | Archer |
| 14:18 | Build | Farm |
| 14:31 | Queue | Villager (Male) |
| 14:37 | Build | Farm |
| 14:51 | Queue | Villager (Male) |
| 14:55 | Queue | Archer |
| 15:01 | Build | Palisade Wall |
| 15:03 | Build | Palisade Wall |
| 15:09 | Queue | Villager (Male) |
| 15:20 | Queue | Villager (Male) |
| 15:27 | Build | Farm |
| 15:38 | Queue | Villager (Male) |
| 15:40 | Build | Farm |
| 15:42 | Build | Farm |
| 15:43 | Queue | Villager (Male) |
| 15:45 | Build | Palisade Wall |
| 16:27 | Queue | Villager (Male) |
| 16:29 | Build | Farm |
| 16:30 | Build | Farm |
| 16:45 | Build | Farm |
| 16:48 | Queue | Villager (Male) |
| 17:18 | Build | Farm |
| 17:27 | Build | Palisade Wall |
| 18:05 | Research | Castle Age |
| 18:24 | Build | Archery Range |
| 18:38 | Build | Palisade Wall |
| 19:07 | Build | Palisade Wall |
| 19:19 | Build | Palisade Wall |
| 19:27 | Build | Palisade Wall |
| 19:31 | Research | Horse Collar |
| 19:35 | Research | Gold Mining |
| 19:42 | Build | Archery Range |
| 19:48 | Build | Palisade Wall |
| 19:58 | Research | Bloodlines |
| 19:58 | Research | Bloodlines |
| 20:10 | Build | Palisade Wall |
| 20:11 | Build | Palisade Wall |
| 20:18 | Build | Palisade Wall |
| 20:23 | Build | Palisade Wall |
| 20:26 | Build | Palisade Wall |
| 20:35 | Build | Palisade Wall |
| 20:38 | Queue | Villager (Male) |
| 20:45 | Age | Castle Age |
| 20:47 | Queue | Cavalry Archer |
| 20:47 | Queue | Cavalry Archer |
| 20:53 | Research | Bodkin Arrow |
| 20:56 | Queue | Cavalry Archer |
| 20:57 | Queue | Cavalry Archer |
| 20:57 | Queue | Cavalry Archer |
| 21:00 | Research | Husbandry |
| 21:01 | Research | Bow Saw |
| 21:07 | Queue | Villager (Male) |
| 21:08 | Queue | Cavalry Archer |
| 21:14 | Build | Palisade Wall |
| 21:31 | Queue | Cavalry Archer |
| 21:43 | Queue | Villager (Male) |
| 21:45 | Queue | Villager (Male) |
| 21:56 | Build | Town Center |
| 22:01 | Queue | Villager (Male) |
| 22:03 | Queue | Cavalry Archer |
| 22:10 | Queue | Cavalry Archer |
| 22:10 | Queue | Cavalry Archer |
| 22:15 | Queue | Villager (Male) |
| 22:17 | Build | Lumber Camp |
| 22:52 | Queue | Villager (Male) |
| 22:53 | Queue | Cavalry Archer |
| 23:01 | Queue | Villager (Male) |
| 23:06 | Queue | Cavalry Archer |
| 23:18 | Build | University |
| 23:21 | Queue | Villager (Male) |
| 23:56 | Research | Thumb Ring |
| 24:00 | Queue | Cavalry Archer |
| 24:08 | Research | Ballistics |
| 24:08 | Research | Ballistics |
| 24:25 | Queue | Cavalry Archer |
| 24:25 | Queue | Cavalry Archer |
| 24:33 | Queue | Villager (Male) |
| 24:33 | Queue | Villager (Male) |
| 24:36 | Build | Siege Workshop |
| 24:51 | Queue | Villager (Male) |
Build order — KARL MARX
First 150 of 523 actions detected
| 0:02 | Research | Loom |
| 0:02 | Research | Loom |
| 0:02 | Queue | Villager (Male) |
| 0:02 | Queue | Villager (Male) |
| 0:04 | Build | House |
| 0:05 | Build | House |
| 0:10 | Queue | Villager (Male) |
| 1:29 | Queue | Villager (Male) |
| 1:29 | Queue | Villager (Male) |
| 2:02 | Build | Lumber Camp |
| 2:02 | Queue | Villager (Male) |
| 2:03 | Queue | Villager (Male) |
| 2:03 | Queue | Villager (Male) |
| 2:53 | Queue | Villager (Male) |
| 2:53 | Queue | Villager (Male) |
| 2:54 | Queue | Villager (Male) |
| 2:54 | Queue | Villager (Male) |
| 3:32 | Build | House |
| 3:48 | Queue | Villager (Male) |
| 4:20 | Queue | Villager (Male) |
| 4:20 | Queue | Villager (Male) |
| 4:26 | Build | Mill |
| 4:29 | Queue | Villager (Male) |
| 4:29 | Queue | Villager (Male) |
| 5:17 | Queue | Villager (Male) |
| 5:25 | Queue | Villager (Male) |
| 5:48 | Queue | Villager (Male) |
| 6:54 | Research | Feudal Age |
| 6:54 | Research | Feudal Age |
| 7:39 | Build | Mining Camp |
| 8:29 | Build | Barracks |
| 9:04 | Age | Feudal Age |
| 9:08 | Queue | Villager (Male) |
| 9:11 | Build | House |
| 9:20 | Queue | Eagle Scout |
| 9:20 | Queue | Eagle Scout |
| 9:28 | Build | House |
| 9:36 | Queue | Villager (Male) |
| 9:41 | Build | House |
| 9:50 | Build | Blacksmith |
| 9:53 | Queue | Spearman |
| 10:01 | Queue | Villager (Male) |
| 10:06 | Build | Palisade Wall |
| 10:09 | Build | Palisade Wall |
| 10:20 | Queue | Villager (Male) |
| 10:29 | Queue | Eagle Scout |
| 10:29 | Queue | Eagle Scout |
| 10:39 | Queue | Villager (Male) |
| 10:43 | Research | Double-Bit Axe |
| 10:57 | Queue | Villager (Male) |
| 11:06 | Build | House |
| 11:09 | Build | Palisade Wall |
| 11:17 | Research | Scale Mail Armor |
| 11:21 | Queue | Villager (Male) |
| 11:36 | Build | Barracks |
| 11:45 | Queue | Villager (Male) |
| 11:51 | Queue | Eagle Scout |
| 11:54 | Queue | Villager (Male) |
| 12:17 | Queue | Villager (Male) |
| 12:18 | Build | Farm |
| 12:20 | Build | Farm |
| 12:22 | Build | Farm |
| 12:23 | Build | Farm |
| 12:31 | Build | Farm |
| 12:32 | Queue | Eagle Scout |
| 12:33 | Queue | Eagle Scout |
| 12:42 | Build | Farm |
| 12:53 | Build | Farm |
| 12:55 | Build | Farm |
| 13:05 | Build | Palisade Wall |
| 13:13 | Queue | Eagle Scout |
| 13:20 | Queue | Eagle Scout |
| 13:35 | Queue | Eagle Scout |
| 13:38 | Build | Farm |
| 13:43 | Build | Mill |
| 13:48 | Build | Farm |
| 13:51 | Queue | Villager (Male) |
| 13:51 | Queue | Villager (Male) |
| 14:11 | Queue | Villager (Male) |
| 14:17 | Build | House |
| 14:19 | Build | Palisade Wall |
| 14:23 | Build | Palisade Gate |
| 14:32 | Build | Farm |
| 14:33 | Queue | Villager (Male) |
| 14:49 | Queue | Villager (Male) |
| 14:57 | Queue | Eagle Scout |
| 14:58 | Queue | Eagle Scout |
| 15:02 | Build | House |
| 15:07 | Build | Lumber Camp |
| 15:15 | Build | Farm |
| 15:19 | Build | Farm |
| 15:20 | Queue | Villager (Male) |
| 15:36 | Queue | Villager (Male) |
| 15:53 | Queue | Eagle Scout |
| 15:55 | Queue | Eagle Scout |
| 16:02 | Research | Forging |
| 16:20 | Queue | Eagle Scout |
| 16:20 | Queue | Eagle Scout |
| 16:21 | Queue | Eagle Scout |
| 16:21 | Queue | Eagle Scout |
| 16:21 | Queue | Eagle Scout |
| 16:25 | Queue | Villager (Male) |
| 16:27 | Build | Farm |
| 16:29 | Build | Farm |
| 17:05 | Queue | Villager (Male) |
| 17:18 | Queue | Villager (Male) |
| 17:25 | Build | Market |
| 17:32 | Build | Palisade Gate |
| 17:47 | Build | Farm |
| 17:57 | Build | House |
| 18:03 | Research | Wheelbarrow |
| 18:11 | Build | Farm |
| 19:08 | Build | Archery Range |
| 19:11 | Research | Fletching |
| 19:46 | Research | Castle Age |
| 19:46 | Research | Castle Age |
| 20:04 | Research | Padded Archer Armor |
| 20:06 | Queue | Skirmisher |
| 20:06 | Queue | Skirmisher |
| 20:21 | Research | Horse Collar |
| 20:30 | Research | Gold Mining |
| 20:54 | Queue | Skirmisher |
| 20:57 | Build | Archery Range |
| 21:06 | Build | House |
| 21:06 | Build | House |
| 21:11 | Queue | Skirmisher |
| 21:13 | Queue | Skirmisher |
| 21:54 | Queue | Skirmisher |
| 21:55 | Queue | Skirmisher |
| 22:11 | Queue | Skirmisher |
| 22:11 | Queue | Skirmisher |
| 22:12 | Queue | Skirmisher |
| 22:26 | Age | Castle Age |
| 22:29 | Research | Elite Skirmisher (upgrade) |
| 22:37 | Research | Bodkin Arrow |
| 22:41 | Research | Leather Archer Armor |
| 22:52 | Queue | Villager (Male) |
| 22:52 | Queue | Villager (Male) |
| 22:53 | Queue | Skirmisher |
| 22:54 | Queue | Skirmisher |
| 23:11 | Queue | Skirmisher |
| 23:21 | Build | Town Center |
| 23:26 | Queue | Villager (Male) |
| 23:30 | Build | Farm |
| 23:40 | Queue | Skirmisher |
| 23:46 | Queue | Villager (Male) |
| 24:08 | Queue | Villager (Male) |
| 24:20 | Queue | Skirmisher |
| 24:20 | Queue | Skirmisher |
| 24:20 | Queue | Skirmisher |
Match timeline
| 8:08 | [CLB]PEGASO · first_building Barracks |
| 8:29 | KARL MARX · first_building Barracks |
| 9:04 | KARL MARX · age_up feudal |
| 9:16 | [CLB]PEGASO · age_up feudal |
| 9:17 | [CLB]PEGASO · wall_segment Palisade Wall x2 |
| 9:23 | [CLB]PEGASO · first_building Stable |
| 10:06 | KARL MARX · wall_segment Palisade Wall x1 |
| 10:09 | KARL MARX · wall_segment Palisade Wall x1 |
| 10:23 | [CLB]PEGASO · first_building Archery Range |
| 10:44 | [CLB]PEGASO · wall_segment Palisade Wall x4 |
| 11:09 | KARL MARX · wall_segment Palisade Wall x9 |
| 11:26 | [CLB]PEGASO · wall_segment Palisade Wall x4 |
| 13:05 | KARL MARX · wall_segment Palisade Wall x12 |
| 13:50 | [CLB]PEGASO · wall_segment Palisade Wall x12 |
| 13:56 | [CLB]PEGASO · wall_segment Palisade Wall x1 |
| 14:19 | KARL MARX · wall_segment Palisade Wall x4 |
| 15:01 | [CLB]PEGASO · wall_segment Palisade Wall x7 |
| 15:03 | [CLB]PEGASO · wall_segment Palisade Wall x4 |
| 15:45 | [CLB]PEGASO · wall_segment Palisade Wall x15 |
| 17:27 | [CLB]PEGASO · wall_segment Palisade Wall x2 |
| 18:29 | KARL MARX · first_market_buy 100 food |
| 18:30 | KARL MARX · first_market_sell 100 wood |
| 18:38 | [CLB]PEGASO · wall_segment Palisade Wall x3 |
| 19:07 | [CLB]PEGASO · wall_segment Palisade Wall x1 |
| 19:08 | KARL MARX · first_building Archery Range |
| 19:19 | [CLB]PEGASO · wall_segment Palisade Wall x2 |
| 19:27 | [CLB]PEGASO · wall_segment Palisade Wall x3 |
| 19:48 | [CLB]PEGASO · wall_segment Palisade Wall x1 |
| 20:10 | [CLB]PEGASO · wall_segment Palisade Wall x1 |
| 20:11 | [CLB]PEGASO · wall_segment Palisade Wall x1 |
| 20:18 | [CLB]PEGASO · wall_segment Palisade Wall x1 |
| 20:23 | [CLB]PEGASO · wall_segment Palisade Wall x1 |
| 20:26 | [CLB]PEGASO · wall_segment Palisade Wall x2 |
| 20:35 | [CLB]PEGASO · wall_segment Palisade Wall x1 |
| 20:45 | [CLB]PEGASO · age_up castle |
| 21:14 | [CLB]PEGASO · wall_segment Palisade Wall x3 |
| 22:26 | KARL MARX · age_up castle |
| 24:36 | [CLB]PEGASO · first_building Siege Workshop |
| 25:22 | KARL MARX · first_building Monastery |
| 27:57 | [CLB]PEGASO · first_building Monastery |
| 33:46 | [CLB]PEGASO · first_market_buy 100 stone |
| 33:50 | [CLB]PEGASO · first_building Castle |
| 37:22 | [CLB]PEGASO · age_up imperial |
| 40:07 | KARL MARX · first_building Castle |
| 41:11 | KARL MARX · age_up imperial |
| 42:41 | [CLB]PEGASO · first_market_sell 100 food |
| 43:26 | KARL MARX · resign |
[ AI ANALYSIS · 1 CREDIT ]
What really happened in this match?
Wolo.gg analyzes every decision: build order, eco, micro, common mistakes by bracket. Personalized analysis on WhatsApp or Discord in 30 seconds.
Civ guide
Huns
Perfil
Jugador #19029303